 Dungeon Crawl Stone Soup version 0.29.0-11-gd7f09526c8 (webtiles) character file.

Game seed: 10365998159222233395

7393 gelatine the Cleaver (level 10, -2/93 HPs)
             Began as a Minotaur Berserker on Sept 2, 2022.
             Was a High Priest of Trog.
             Slain by a two-headed ogre
             ... wielding a +0 giant club
              (32 damage)
             ... on level 9 of the Dungeon.
             The game lasted 00:20:40 (9380 turns).

gelatine the Cleaver (Minotaur Berserker)           Turns: 9380, Time: 00:20:41

Health: -2/93      AC: 12    Str: 26    XL:     10   Next: 92%
Magic:  9/9        EV: 15    Int:  4    God:    Trog [*****.]
Gold:   381        SH:  0    Dex: 16    Spells: 9/9 levels left

rFire   . . .      SeeInvis .   H - +0 battleaxe
rCold   . . .      Faith    .   (shield currently unavailable)
rNeg    + . .      Spirit   .   a - +1 ring mail of Privacy {rPois Will+}
rPois   +          Reflect  .   (helmet restricted)
rElec   .          Harm     .   D - +0 cloak
rCorr   .          Rampage  .   j - +1 pair of gloves
Will    +....                   A - +0 pair of boots
Stlth   +.........              K - amulet of the acrobat
HPRegen 0.25/turn               F - ring of positive energy
MPRegen 0.11/turn               L - +6 ring of dexterity

@: no status effects
A: horns 2, retaliatory headbutt
a: Renounce Religion, Berserk, Trog's Hand, Brothers in Arms


You were on level 9 of the Dungeon.
You worshipped Trog.
Trog was extremely pleased with you.
You visited 2 branches of the dungeon, and saw 10 of its levels.
You also visited: Sewer.

You collected 469 gold pieces.
You spent 88 gold pieces at shops.

Inventory:

Hand Weapons
 q - a +3 hand axe of electrocution
 H - a +0 battleaxe (weapon)
 I - a +0 war axe
Armour
 a - the +1 ring mail of Privacy (worn) {rPois Will+}
   (You found it on level 3 of the Dungeon)

   rPois:     It protects you from poison.
   Will:      It increases your willpower.
 j - a +1 pair of gloves (worn)
 A - a +0 pair of boots (worn)
 D - a +0 cloak (worn)
 G - a +3 scale mail
Jewellery
 f - a ring of ice
 F - a ring of positive energy (left hand)
 K - an amulet of the acrobat (around neck)
 L - a +6 ring of dexterity (right hand)
Wands
 b - a wand of roots (8)
 r - a wand of mindburst (7)
 E - a wand of paralysis (20)
Scrolls
 g - a scroll of fear
 m - 3 scrolls of teleportation {unknown}
 o - a scroll of enchant armour
 p - 2 scrolls of enchant weapon {unknown}
 t - 2 scrolls of silence
 u - 4 scrolls of blinking
 v - 2 scrolls of vulnerability {unknown}
 y - a scroll of immolation {unknown}
 B - a scroll of summoning {unknown}
 M - a scroll of amnesia {unknown}
Potions
 c - a potion of berserk rage {unknown}
 d - a potion of ambrosia {unknown}
 e - 6 potions of curing
 h - 2 potions of mutation {unknown}
 i - a potion of might {unknown}
 l - a potion of lignification {unknown}
 n - 3 potions of invisibility {unknown}
 s - 2 potions of magic {unknown}
 w - 5 potions of brilliance {unknown}
 x - a potion of degeneration {unknown}
 z - a potion of haste {unknown}
 J - a potion of flight {unknown}


   Skills:
 * Level 10.1 Fighting
 * Level 14.2 Axes
 * Level 8.0 Armour
 * Level 7.1 Dodging
 + Level 2.2 Stealth


You had 9 spell levels left.
You didn't know any spells.
Your spell library was empty.

Dungeon Overview and Level Annotations

Branches:
Dungeon (9/15)             Temple (1/1) D:4           Sewer (visited)
   Lair: D:8-11         Orc: D:9-12

Altars:
Ashenzari
Cheibriados
Dithmenos
Elyvilon
Fedhas
Gozag
Hepliaklqana
Kikubaaqudgha
Nemelex Xobeh
Qazlal
Sif Muna
Trog
Uskayaw
Vehumet
Xom
Yredelemnul
Zin
The Shining One

Shops:
D:7 !


Innate Abilities, Weirdness & Mutations

You have a pair of horns on your head.
You reflexively headbutt those who attack you in melee.


Message History

You hit the yak. You headbutt the yak.
The yak is severely wounded.
The yak barely misses you.
You completely miss the yak.
The yak is severely wounded.
The yak barely misses you.
You slash the yak!
The yak is almost dead.
The yak gores you but does no damage.
You completely miss the yak. You headbutt the yak.
You kill the yak!
Trog accepts your kill.
Things that are here:
a yak corpse; a yak corpse
Found 17 gold pieces.
A two-headed ogre comes into view. It is wielding two +0 giant clubs.
The two-headed ogre shouts in stereo!
You hit the two-headed ogre.
The two-headed ogre is lightly wounded.
The two-headed ogre barely misses you.
The two-headed ogre hits you but does no damage.
You barely miss the two-headed ogre.
The two-headed ogre is lightly wounded.
The two-headed ogre closely misses you.
The two-headed ogre completely misses you.
You slice the two-headed ogre!!
The two-headed ogre is heavily wounded.
You barely miss the two-headed ogre. You headbutt the two-headed ogre!
The two-headed ogre is severely wounded.
The two-headed ogre hits you with a +0 giant club! x2
You hit the two-headed ogre but do no damage.
The two-headed ogre is severely wounded.
The two-headed ogre misses you.
The two-headed ogre hits you with a +0 giant club!!
* * * LOW HITPOINT WARNING * * *
You hit the two-headed ogre. You headbutt the two-headed ogre.
The two-headed ogre is almost dead.
You feel much better.
The two-headed ogre hits you with a +0 giant club!!
You die...

#.##########.#.##
#..............#
##############..# ..#
#..# #.# #..# #$# #..#
#.# #..# #O# #..## #@#
#.... #.########## ##.##
#### #..........# #.#
#....#..#######.# #>#
#.......††......####.#
#.......####.........#
..............##.######
##.......#######.#######
.......#.# #...)....


You could see a two-headed ogre.

Vanquished Creatures
  A two-headed ogre (D:9)
  Joseph (D:7)
  A hornet (D:5)
  Prince Ribbit (D:7)
  12 yaks
  A wyvern (D:8)
  3 water moccasins
  2 orc warriors
  An ice beast (D:5)
  A black bear (D:3)
  4 ogres
  2 centaurs
  2 phantoms
  2 kobold brigands
  8 bullfrogs
  3 necrophages
  4 scorpions
  5 wights (D:8)
  5 killer bees (D:8)
  An electric eel (D:9)
  3 howler monkeys
  5 orc priests
  6 hounds
  4 jellies
  Crazy Yiuf (D:7)
  A gnoll bouda (D:5)
  2 iguanas (D:4)
  7 orc wizards
  15 gnolls
  4 adders
  A shadow imp (D:6)
  3 white imps
  3 ufetubi
  A worm (D:3)
  A dart slug (D:1)
  36 orcs
  15 ball pythons
  8 bats
  12 endoplasms
  8 giant cockroaches
  12 goblins
  9 hobgoblins
  2 jackals (D:4)
  16 quokkas
  12 frilled lizards
  17 kobolds
  7 rats
271 creatures vanquished.

Vanquished Creatures (others)
  4 fungi (D:3)
  7 plants (D:3)
11 creatures vanquished.

Grand Total: 282 creatures vanquished

Notes
Turn   | Place    | Note
-------+----------+-------------------------------------------
     0 | D:1      | gelatine the Minotaur Berserker began the quest for the
                  | Orb.
     0 | D:1      | Reached XP level 1. HP: 19/19 MP: 0/0
    99 | D:1      | Reached skill level 4 in Axes
   100 | D:1      | Reached XP level 2. HP: 25/27 MP: 1/1
   755 | D:1      | Reached XP level 3. HP: 33/33 MP: 2/2
   796 | D:1      | Reached ** piety under Trog
  1399 | D:2      | You fall into a shaft and drop 1 floor!
  1519 | D:3      | Found a glowing drain.
  1541 | Sewer    | Entered a sewer
  1690 | Sewer    | Reached XP level 4. HP: 23/41 MP: 3/3
  1875 | Sewer    | Reached skill level 5 in Axes
  1952 | Sewer    | Reached *** piety under Trog
  2182 | Sewer    | Noticed a bullfrog
  2188 | Sewer    | HP: 3/61 [bullfrog (6)]
  2189 | Sewer    | HP: 1/61 [bullfrog (3)]
  2190 | Sewer    | Killed a bullfrog
  2191 | Sewer    | Reached XP level 5. HP: 2/47 MP: 4/4
  2490 | D:3      | Noticed a black bear
  2493 | D:3      | Identified the +1 ring mail of Privacy {rPois Will+}
  2497 | D:3      | Killed a black bear
  2498 | D:3      | Reached skill level 6 in Axes
  2684 | D:3      | Reached XP level 6. HP: 55/55 MP: 5/5
  2837 | D:3      | Found a sparkling altar of Nemelex Xobeh.
  2926 | D:3      | Reached skill level 5 in Fighting
  3179 | D:3      | Found a faded altar of an unknown god.
  3642 | D:4      | Found a snail-covered altar of Cheibriados.
  3650 | D:4      | Reached skill level 7 in Axes
  3774 | D:4      | Reached skill level 1 in Stealth
  3774 | D:4      | Reached XP level 7. HP: 54/61 MP: 6/6
  3894 | D:4      | Found a staircase to the Ecumenical Temple.
  3899 | D:4      | Reached **** piety under Trog
  3910 | Temple   | Entered the Ecumenical Temple
  4323 | D:4      | Found a glowing golden altar of the Shining One.
  4982 | D:4      | Reached skill level 8 in Axes
  4994 | D:5      | Entered Level 5 of the Dungeon
  5016 | D:5      | Reached XP level 8. HP: 45/70 MP: 7/7
  5171 | D:5      | Reached skill level 5 in Armour
  5172 | D:5      | Found a hide-covered altar of Uskayaw.
  5204 | D:5      | Reached skill level 9 in Axes
  5204 | D:5      | Reached skill level 5 in Dodging
  5415 | D:5      | Noticed a +0 dagger
  5415 | D:5      | Noticed a +0 hand axe
  5426 | D:5      | Noticed a hornet
  5433 | D:5      | Killed a hornet
  5462 | D:5      | Reached skill level 10 in Axes
  5852 | D:6      | Reached XP level 9. HP: 76/79 MP: 8/8
  5917 | D:6      | Reached ***** piety under Trog
  5954 | D:6      | Reached skill level 11 in Axes
  6381 | D:7      | Noticed Prince Ribbit
  6385 | D:7      | Killed Prince Ribbit
  6543 | D:7      | Noticed Joseph
  6557 | D:7      | Killed Joseph
  6562 | D:7      | Reached skill level 12 in Axes
  7073 | D:7      | Found Xoveohik's Distillery.
  7082 | D:7      | Bought a potion of heal wounds for 55 gold pieces
  7082 | D:7      | Bought a potion of curing for 33 gold pieces
  7166 | D:7      | Found a runed translucent door.
  7167 | D:7      | Noticed Crazy Yiuf
  7173 | D:7      | Killed Crazy Yiuf
  7301 | D:7      | Reached XP level 10. HP: 90/90 MP: 9/9
  8127 | D:8      | Found a hazy altar of Hepliaklqana.
  8460 | D:8      | Reached skill level 13 in Axes
  8949 | D:9      | Found a white marble altar of Elyvilon.
  9207 | D:9      | Noticed a two-headed ogre
  9213 | D:9      | Killed a two-headed ogre
  9341 | D:9      | Reached skill level 10 in Fighting
  9341 | D:9      | Reached skill level 14 in Axes
  9370 | D:9      | Noticed a two-headed ogre
  9380 | D:9      | Slain by a two-headed ogre

Illustrated notes

Levels and vault maps discovered:
D:1:      giann_bridges, layout_basic, st_stairs_6, minmay_heptomino_w4
D:2:      layout_basic, serial_co_window_serial, co_window_paths_b,
          co_window_cross_1, co_window_paths_a, co_window_of_opportunity_a,
          co_window_corner_a, co_window_unsneaky_path_b, co_window_corner_cb,
          co_window_unsneaky_path_c, co_window_paths_d, co_window_paths_e,
          glass_columns_a, grunt_decor_arrowhead
D:3:      layout_basic, nemelex_spade_bored_becter,
          cheibrodos_sewer_entry_sluice,
          shapermc_ecumenical_altar_mp_urbaneastern, hex_tiny, st_stairs_6
D:4:      layout_basic, overflow_temple_1_default, tso_altar,
          minmay_temple_entry_statues_fountains, serial_glass, glass_columns_a,
          glass_columns_a, glass_columns_a, glass_columns_a, glass_columns_a,
          glass_columns_a, minmay_strange_pillars, due_unseen_surprise,
          grunt_ministairs_4, kennysheep_orc_chapel
D:5:      layout_rooms, dancing_weapons_uskayaw
D:6:      layout_rooms
D:7:      hellmonk_ruined_rings, layout_loops_corners, serial_shops,
          nicolae_square_shop, uniq_crazy_yiuf_cottage, uniq_joseph,
          uniq_prince_ribbit1
D:8:      layout_basic, mainiacjoe_overflow_surrounded_room
D:9:      layout_loops_ring, nicolae_elyvilon_temple_path
Temple:   minmay_temple_bridge_abc

Skill      XL: |  1  2  3  4  5  6  7  8  9 10 |
---------------+-------------------------------+-----
Axes           | 4 5 6 7 8 10 12 14 | 14.2
Fighting       | 4 5 6 7 8 10 | 10.1
Dodging        | 3 4 5 6 7 |  7.1
Armour         | 3 4 6 7 8 |  8.0
Stealth        | 1 2 |  2.2

Action                   |  1- 3 |  4- 6 |  7- 9 | 10-12 || total
-------------------------+-------+-------+-------+-------++-------
Melee: Hand axe          |    98 |   121 |   219 |    18 ||   456
       Headbutt          |    11 |    17 |    33 |    21 ||    82
       Punch             |     1 |       |     5 |       ||     6
       Battleaxe         |       |       |       |    97 ||    97
Invok: Berserk           |       |     1 |     2 |     1 ||     4
       Trog's Hand       |       |     1 |     1 |     1 ||     3
  Use: Scroll            |       |     2 |     1 |     1 ||     4
       Potion            |       |       |       |     1 ||     1
 Stab: Sleeping          |     1 |       |       |     1 ||     2
Armor: Animal skin       |    39 |    24 |       |       ||    63
       Ring mail         |       |    18 |    70 |    61 ||   149
Dodge: Dodged            |    91 |    87 |   111 |    96 ||   385
